 Dungeon Crawl Stone Soup version 0.25-a0-565-g8875c97ebb (webtiles) character file.

Game seed: 15546310440725042189, levelgen mode: deterministic

39 MisterFreud the Changer (level 3, -1/28 HPs)
             Began as a Draconian Transmuter on Feb 26, 2020.
             Killed from afar by an orc wizard (10 damage)
             ... with a puff of frost
             ... on level 2 of the Dungeon.
             The game lasted 00:02:18 (979 turns).

MisterFreud the Changer (Draconian Transmuter)       Turns: 979, Time: 00:02:18

Health: -1/28      AC:  6    Str: 12    XL:     3   Next: 26%
Magic:  3/6        EV: 12    Int: 14    God:
Gold:   55         SH:  0    Dex: 11    Spells: 4/7 levels left

rFire    . . .     SeeInvis .     - Unarmed
rCold    . . .     Gourm    .   (no shield)
rNeg     . . .     Faith    .   (armour unavailable)
rPois    .         Spirit   .   (helmet restricted)
rElec    .         Reflect  .   e - +0 cloak
rCorr    .         Harm     .   (no gloves)
MR       .....                  (boots currently unavailable)
Stlth    +.........             (no amulet)
HPRegen  0.09/turn              (no ring)
MPRegen  0.10/turn              (no ring)

@: appendage
A: unfitting armour, talons 3, cold-blooded, AC +5
a: End Transformation


You were on level 2 of the Dungeon.
You were hungry.
You had grown temporary talons.
You visited 1 branch of the dungeon, and saw 2 of its levels.

You collected 55 gold pieces.

Inventory:

Missiles
 a - 9 arrows
 d - 26 stones (quivered)
Armour
 e - a +0 cloak (worn)
Scrolls
 f - a scroll of enchant armour {unknown}
Potions
 g - a potion of berserk rage {unknown}
 h - a potion of might {unknown}
Comestibles
 b - a chunk of flesh
 c - 2 rations


   Skills:
 - Level 1.1 Fighting
 - Level 1.7 Dodging
 - Level 3.0 Unarmed Combat
 + Level 2.5 Spellcasting
 * Level 3.3 Transmutations


You had 4 spell levels left.
You knew the following spells:

 Your Spells              Type           Power        Failure   Level  Hunger
a - Beastly Appendage     Tmut           ##....       6%          1    #......
b - Sticks to Snakes      Tmut           ##......     9%          2    ###....

Your spell library contained the following spells:

 Spells                   Type           Power        Failure   Level  Hunger
 Spider Form              Tmut/Pois      #.........   34%         3    ###....
 Ice Form                 Ice/Tmut       #.......     75%         4    #####..
 Blade Hands              Tmut           ##........   85%         5    ######.


Dungeon Overview and Level Annotations

Branches:
Dungeon (2/15)

Altars:


Innate Abilities, Weirdness & Mutations

Your plain brown scales are hard. (AC +5)
You cannot fit into any form of body armour.
You are cold-blooded and may be slowed by cold attacks.
You have claws for feet.


Message History

Something hits you but does no damage.
You hit something. You tail-slap something.
Something hits you but does no damage.
You hit something but do no damage.
Your tail-slap misses something.
You hear some strange, mumbled words.
A puff of flame appears from out of thin air!
The puff of flame hits you!
You miss something. You tail-slap something.
Something hits you but does no damage.
Casting: Sticks to Snakes (safe; 9% risk of failure)
Confirm with . or Enter, or press ? or * to list all spells.
Your feet morph into talons.
Something hits you. Something hits you but does no damage.
You miss something.
Your tail-slap misses something.
Something hits you but does no damage.
You hit something but do no damage.
You hear some strange, mumbled words.
A puff of frost appears from out of thin air!
The puff of frost hits you!
You die...

#.. #.....# .r.#
.....# .g.###.....
...#.. ... g #...# #.#
..# ##..# #†######
#...##...###S.....####
#.........r{@.........
######..#########.####
#....# #######.##...#
........# ##...#
.##.....# ##w.#
###.#.### .. #.o...# #
##.o#....#


You could see a rat and a friendly ball python.

Vanquished Creatures
  A worm (D:2)
  A leopard gecko (D:1)
  3 orcs (D:2)
  A ball python (D:1)
  A bat (D:1)
  2 giant cockroaches (D:1)
  3 goblins (D:1)
  3 hobgoblins
  A jackal (D:2)
  2 frilled lizards
  4 kobolds (D:1)
  4 rats
26 creatures vanquished.

Vanquished Creatures (collateral kills)
  A leopard gecko (D:2)
  An orc (D:2)
  A bat (D:2)
  A jackal (D:2)
  A kobold (D:1)
5 creatures vanquished.

Grand Total: 31 creatures vanquished

Notes
Turn   | Place    | Note
-------+----------+-------------------------------------------
     0 | D:1      | MisterFreud the Draconian Transmuter began the quest for
                  | the Orb.
     0 | D:1      | Reached XP level 1. HP: 16/16 MP: 3/3
   308 | D:1      | Reached XP level 2. HP: 20/23 MP: 3/5
   312 | D:1      | Learned a level 2 spell: Sticks to Snakes
   951 | D:2      | Reached XP level 3. HP: 27/28 MP: 1/6
   979 | D:2      | Killed from afar by an orc wizard

Levels and vault maps discovered:
D:1:      doesnt_arrival_eight_statues, layout_loops_ring
D:2:      layout_rooms, first_ration, st_stairs_14

Skill      XL: |  1  2 |
---------------+-------+-----
Transmutations | 3 |  3.3
Fighting       | |  1.1
Dodging        | |  1.7
Unarmed Combat | |  3.0
Spellcasting   | |  2.5

Action                   || total
-------------------------++-------
Melee: Unarmed           ||   108
       Tailslap          ||    14
       Kick              ||     5
       Punch             ||     1
 Cast: Beastly Appendage ||    14
       Sticks to Snakes  ||     3
 Stab: Sleeping          ||     1
       Distracted        ||     1
Armor: Skin              ||    35
Dodge: Dodged            ||    49

Table legend:
 A = Non-vault XP
 B = Vault XP
 C = Vault XP percentage of total XP
 D = Non-vault monster count
 E = Vault monster count
 F = Vault count percentage of total count
                 A         B        C        D         E       F
            +---------+---------+-------+---------+---------+-------
      Total |      54 |       2 |   3.6 |      29 |       2 |   6.5
            +---------+---------+-------+---------+---------+-------
        D:1 |      30 |       0 |   0.0 |      19 |       0 |   0.0
        D:2 |      24 |       2 |   7.7 |      10 |       2 |  16.7
            +---------+---------+-------+---------+---------+-------
